 Dungeon Crawl Stone Soup version 0.20.0-8-g6b59dc7 (webtiles) character file.

119 Goblin1989 the Covert (level 4, -1/22 HPs)
             Began as a Spriggan Assassin on June 1, 2017.
             Killed from afar by an electric eel (12 damage)
             ... with a bolt of electricity
             ... on level 9 of the Dungeon.
             The game lasted 00:14:01 (2165 turns).

Goblin1989 the Covert (Spriggan Assassin)           Turns: 2165, Time: 00:14:02

Health: -1/22      AC:  3    Str:  7    XL:     4   Next: 74%
Magic:  5/5        EV: 17    Int: 12    God:
Gold:   107        SH:  0    Dex: 18    Spells: 2/3 levels left

rFire    . . .     SeeInvis +   a - +2 dagger
rCold    . . .     Gourm    .   (shield restricted)
rNeg     . . .     Faith    .   c - +0 robe
rPois    .         Spirit   .   (helmet restricted)
rElec    .         Reflect  .   d - +0 cloak
rCorr    .         Harm     .   (gloves unavailable)
MR       .....                  (boots unavailable)
Stlth    ++++......             (no amulet)
Regen    0.1/turn               (no ring)
MPRegen  0.1/turn               (no ring)

@: very quick
A: unfitting armour, see invisible, herbivore 3, speed 3, slow metabolism 2
a: no special abilities


You were on level 9 of the Dungeon.
You were not hungry.

You visited 1 branch of the dungeon, and saw 9 of its levels.

You collected 107 gold pieces.

Inventory:

Hand Weapons
 a - a +2 dagger (weapon)
 j - a +0 flail
 n - a cursed -2 hunting sling
 t - a +3 mace
 u - a cursed -2 mace
 w - a +0 blowgun {@w1}
 F - a +0 hand axe
 G - a cursed +0 war axe
 H - a +0 hand axe
 L - a +0 falchion
 N - a +0 falchion
 V - a +0 dagger
Missiles
 f - a curare-tipped needle
 g - 8 poisoned needles
 i - 194 stones (quivered)
 q - 41 arrows
 x - 26 bolts
 K - 4 javelins of penetration
Armour
 b - a +0 ring mail
 c - a +0 robe (worn)
 d - a +0 cloak (worn)
 z - a +0 ring mail
 E - a +0 ring mail
 I - a +0 scale mail
 J - a +0 shield
 Q - a +0 leather armour
 R - a +0 scale mail
 W - a +0 scale mail
 Y - a +0 chain mail
 Z - a +0 ring mail
Jewellery
 C - a +5 amulet of reflection {unknown}
Wands
 M - a wand of digging (15/24)
 P - a wand of random effects (13/48)
 X - a wand of random effects (28/48)
Scrolls
 h - 2 scrolls of noise {unknown}
 o - 3 scrolls of identify {unknown}
 p - a scroll of recharging {unknown}
 v - 5 scrolls of remove curse {unknown}
 y - a scroll of random uselessness {unknown}
 A - a scroll of fear {unknown}
 U - a scroll of fog {unknown}
Potions
 k - a potion of curing {unknown}
 l - a potion of might {unknown}
 r - 3 potions of brilliance {unknown}
 s - 2 potions of berserk rage {unknown}
 D - a potion of magic {unknown}
 O - a potion of degeneration {unknown}
Books
 S - a book of Party Tricks

   Spells                             Type                      Level
   a - Summon Butterflies             Summoning                    1
   b - Apportation                    Translocation                1
   c - Lesser Beckoning               Translocation                3
   d - Tukima's Dance                 Hexes                        3
   e - Alistair's Intoxication        Transmutation/Poison         5
   f - Invisibility                   Hexes                        6
 T - a book of Flames

   Spells                             Type                      Level
   a - Flame Tongue                   Conjuration/Fire             1
   b - Throw Flame                    Conjuration/Fire             2
   c - Conjure Flame                  Conjuration/Fire             3
   d - Inner Flame                    Hexes/Fire                   3
   e - Sticky Flame                   Conjuration/Fire             4
   f - Fireball                       Conjuration/Fire             5
Comestibles
 e - 2 bread rations {@e1}
 m - 2 royal jellies
 B - 2 fruits


   Skills:
 - Level 1.5 Fighting
 - Level 2.1 Short Blades
 - Level 2.0 Throwing
 - Level 1.5 Dodging
 + Level 8.3 Stealth
 - Level 3.7 Translocations


You had 2 spell levels left.
You knew the following spells:

 Your Spells              Type           Power        Failure   Level  Hunger
o - Apportation           Tloc           #.....       8%          1    ##.....


Dungeon Overview and Level Annotations

Branches:
Dungeon (9/15)
 Temple: D:4-7         Lair: D:8-11         Orc: D:9-12

Altars:

Annotations:
D:3 Grinder; lauthentik's ghost, amateur DrTm
D:4 Sigmund
D:5 4thArraOfDagon's ghost, weakling KoAE


Innate Abilities, Weirdness & Mutations

You are very small and have problems with some larger weapons.
You are too small for most types of armour.
You have supernaturally acute eyesight. (SInv)
You are a herbivore.
You cover ground extremely quickly.
You need consume almost no food.


Message History

You take 4 damage, and have 10/22 hp.
You hit the orc but do no damage.
The orc is heavily wounded.
The orc hits you but does no damage.
You hit the orc.
The orc is severely wounded.
The orc hits you.
* * * LOW HITPOINT WARNING * * *
You take 1 damage, and have 9/22 hp.
You closely miss the orc.
The orc is severely wounded.
The orc barely misses you.
You hit the orc.
You kill the orc!
You hit the orc.
The orc is moderately wounded.
You hit the orc.
The orc is almost dead.
The orc misses you.
You completely miss the orc.
The orc is almost dead.
The orc completely misses you.
You hit the orc.
You kill the orc!
Items here: )) [[ † a club; a ring mail; a club; a chain mail; an orc corpse
Items here: )) [[ † a club; a ring mail; a club; a chain mail; an orc corpse
W - a club;
X - a club;
Y - a chain mail;
Z - a ring mail You start resting.
HP restored.
Health restored: 22 A phantom comes into view.
An orc comes into view. It is wielding a flail.
A bullfrog comes into view.
Found a stone staircase leading down.
The orc shouts!
There is a stone staircase leading down here.
You climb downwards.
There is a stone staircase leading up here.
You see here a scale mail.
You can't carry that many items.
Drop what? 52/52 slots (_ for help) (? for menu, Esc to quit)
You drop a club.
You see here a scale mail.
W - a scale mail You see here a club.
You see here a wand of random effects (?/48).
Drop what? 52/52 slots (_ for help) (? for menu, Esc to quit)
You drop a club.
X - a wand of random effects (?/48)
An adder comes into view.
An electric eel comes into view.
You open the door.
There is an open door here.
There is an open door here.
You now have 107 gold pieces (gained 19).
Found a stone staircase leading down.
A black bear comes into view.
Unknown command.
An electric eel comes into view.
i - 183 stones (gained 23)
You see here a club.
You can't carry that many items.
An orc comes into view.
The orc shouts!
The orc moves out of view.
An orc and an orc priest come into view.
v - 5 scrolls labeled GARHIJ KACOAC (gained 1)
You open the door.
A leopard gecko, a phantom and 2 wights come into view.
A wight is wielding a mace of freezing.
A wight is wielding a spear of freezing.
Found a stone staircase leading down.
A leopard gecko, an adder and a wight come into view.
There is an open door here.
A wight comes into view. It is wielding a halberd.
Unknown command.
The adder hisses angrily.
The wight closely misses you.
The phantom blinks!
The phantom blinks!
Unknown command.
An orc priest comes into view.
An orc priest opens the door.
You see here a scroll labeled REYSMI FAANUVI.
An orc warrior and an orc wizard come into view.
You see here 11 stones.
i - 194 stones (gained 11)
The orc shouts! x2; The orc priest shouts!
The orc hits you but does no damage.
There is a stone staircase leading down here.
A centaur comes into view.
The electric eel shoots out a bolt of lightning at you!
The bolt of electricity hits you!
Ouch! That really hurt!
You take 12 damage, and have 10/22 hp.
MASSIVE DAMAGE!!
The electric eel shoots out a bolt of lightning at you!
The bolt of electricity hits you!
Ouch! That really hurt!
You die...

█....c.█......█
█......█......█
█......██..█∆██
█.........█.█
█.S.......█.█
█.........█.██
█.........█..█
█........█████
█[.........@..█
█..≈......███....█
█.%≈;≈....█


████ █...≈...███ ....... ...... ...... ███ You could see an electric eel.

Vanquished Creatures
  A bullfrog (D:8)
  An iguana (D:4)
  A worker ant (D:7)
  4 orcs
  2 jackals
9 creatures vanquished.

Notes
Turn   | Place    | Note
-------+----------+-------------------------------------------
     0 | D:1      | Goblin1989 the Spriggan Assassin began the quest for the Orb.
     0 | D:1      | Reached XP level 1. HP: 10/10 MP: 2/2
   224 | D:3      | Noticed lauthentik's ghost (amateur DrTm)
   313 | D:3      | Noticed Grinder
   571 | D:4      | Noticed an iguana
   571 | D:4      | Noticed a worker ant
   581 | D:4      | Noticed an iguana
   746 | D:4      | Reached skill level 6 in Stealth
   792 | D:4      | Noticed an iguana
   799 | D:4      | Killed an iguana
   799 | D:4      | Reached skill level 7 in Stealth
   799 | D:4      | Reached XP level 2. HP: 14/14 MP: 3/3
   817 | D:4      | Noticed Sigmund
   854 | D:4      | Noticed an ogre
   877 | D:5      | Entered Level 5 of the Dungeon
   877 | D:5      | Noticed a scorpion
   877 | D:5      | Noticed a crimson imp
   915 | D:5      | Noticed an ogre
   918 | D:5      | Noticed a crimson imp
   971 | D:5      | Noticed 4thArraOfDagon's ghost (weakling KoAE)
  1003 | D:5      | Reached XP level 3. HP: 11/18 MP: 4/4
  1152 | D:6      | Noticed a scorpion
  1197 | D:7      | Reached skill level 8 in Stealth
  1389 | D:8      | Noticed a sky beast
  1402 | D:7      | Noticed an ogre
  1451 | D:8      | Learned a level 1 spell: Apportation
  1452 | D:8      | Noticed a centaur
  1473 | D:8      | Noticed a bullfrog
  1478 | D:8      | Killed a bullfrog
  1478 | D:8      | Reached XP level 4. HP: 22/22 MP: 5/5
  1829 | D:8      | Noticed a phantom
  1844 | D:8      | Noticed a bullfrog
  1944 | D:9      | Noticed a black bear
  2043 | D:9      | Noticed a phantom
  2063 | D:9      | Noticed an orc warrior
  2159 | D:9      | Noticed a centaur
  2165 | D:9      | Killed from afar by an electric eel

Skill      XL: |  1  2  3 |
---------------+----------+-----
Stealth        | 7 8 |  8.3
Translocations | 3 |  3.7
Fighting       | |  1.5
Short Blades   | |  2.1
Throwing       | |  2.0
Dodging        | |  1.5

Action                   |  1- 3 |  4- 6 || total
-------------------------+-------+-------++-------
Melee: Dagger            |    29 |    23 ||    52
 Fire: Blowgun           |     1 |       ||     1
 Cast: Apportation       |       |     1 ||     1
 Stab: Sleeping          |     3 |       ||     3
Armor: Robe              |    15 |     2 ||    17
Dodge: Dodged            |    46 |    11 ||    57

Vault maps used:
D:1:      doesnt_arrival_goblin_jail
D:3:      first_bread, hangedman_decor_riveting, uniq_grinder, uniq_ijyb
D:4:      uniq_sigmund
D:5:      amethyst_overflow_temple_binary, uniq_duvessa
D:6:      chequers_temple_overflow_statue_of_worship, minmay_temple_entry_hall,
          serial_shops, nicolae_shop_trees
D:7:      elyvilon_altar_5, lemuel_statue_altar
D:8:      lair_entry_dummy
D:9:      erik_orc_2, serial_curves, eino_curves_02, eino_curves_01
